 Dungeon Crawl Stone Soup version 0.31.0 (webtiles) character file.

Game seed: 9369354526898844891

23 qw the Shooter (level 2, 0/17 HPs)
             Began as a Gargoyle Hunter on Jan 19, 2024.
             Slain by a hobgoblin (2 damage)
             ... on level 1 of the Dungeon.
             The game lasted 00:00:01 (307 turns).

qw the Shooter (Gargoyle Hunter)                     Turns: 307, Time: 00:00:02

Health: 0/17       AC:  5    Str: 14    XL:     2   Next: 95%
Magic:  2/2        EV: 11    Int:  9    God:
Gold:   35         SH:  0    Dex: 13    Spells: 1/1 levels left

rFire   . . .        a - +0 shortbow
rCold   . . .        (shield currently unavailable)
rNeg    + . .        c - +0 leather armour
rPois   inf          (no helmet)
rElec   +            (no cloak)
rCorr   .            (no gloves)
SInv    .            (no boots)
Will    .....        (no amulet)
Stlth   +            (no ring)
HPRegen 0.22/turn    (no ring)
MPRegen 0.08/turn

%: no passive effects
@: no status effects
A: sickness immunity, AC +2, negative energy resistance 1, electricity
resistance, torment resistance 1, petrification resistance
a: no special abilities


You were on level 1 of the Dungeon.
You visited 1 branch of the dungeon, and saw 1 of its levels.

You collected 35 gold pieces.


Innate Abilities, Weirdness & Mutations

You are immune to sickness and miasma.
Your stone body is resilient. (AC +2)
You are immune to poison.
You resist negative energy. (rN+)
You are resistant to electric shocks. (rElec)
You are resistant to unholy torment.
You are immune to petrification.


   Skills:
 - Level 2.1 Fighting
 + Level 4.8 Ranged Weapons
 - Level 1.5 Dodging
 - Level 1.1 Stealth


You had one spell level left.
You didn't know any spells.
Your spell library was empty.

Inventory:

Hand Weapons
 a - a +0 shortbow (weapon)
Armour
 c - a +0 leather armour (worn)
 e - a +0 pair of boots
 f - a +0 pair of gloves
Scrolls
 b - a scroll of butterflies
Potions
 d - a potion of attraction {unknown}

Dungeon Overview and Level Annotations

Branches:
Dungeon (1/15)

Altars:


Message History

The kobold hits you with a +0 whip. The hobgoblin hits you.
The kobold hits you but does no damage.
You shoot an arrow. The arrow closely misses the kobold.
The kobold barely misses you. The hobgoblin misses you.
You shoot an arrow.
The arrow hits the kobold but does no damage.
The kobold closely misses you. The hobgoblin closely misses you.
You shoot an arrow. The arrow barely misses the kobold.
The kobold hits you but does no damage. The hobgoblin hits you.
You shoot an arrow.
The arrow hits the kobold but does no damage.
The kobold hits you but does no damage.
The hobgoblin hits you but does no damage.
You shoot an arrow. The arrow closely misses the kobold.
The kobold completely misses you. The hobgoblin barely misses you.
You shoot an arrow. The arrow closely misses the kobold.
The kobold hits you but does no damage. The hobgoblin completely misses you.
The hobgoblin barely misses you. The kobold hits you with a +0 whip.
You shoot an arrow. The arrow hits the kobold.
The kobold is moderately wounded.
The kobold closely misses you. The hobgoblin closely misses you.
You shoot an arrow. The arrow barely misses the kobold.
The kobold hits you but does no damage. The hobgoblin closely misses you.
You shoot an arrow. The arrow closely misses the kobold.
The kobold hits you with a +0 whip. The hobgoblin barely misses you.
You shoot an arrow.
The arrow hits the kobold but does no damage.
The kobold is moderately wounded.
The kobold hits you with a +0 whip. The hobgoblin closely misses you.
The hobgoblin misses you. The kobold hits you but does no damage.
You shoot an arrow.
The arrow hits the kobold but does no damage.
The kobold is moderately wounded.
The kobold barely misses you. The hobgoblin hits you.
You shoot an arrow. The arrow hits the kobold.
You kill the kobold!
The hobgoblin barely misses you.
You shoot an arrow. The arrow barely misses the hobgoblin.
The hobgoblin hits you.
You die...

#..#...#..#
#.####.....####
#.+.....<.....+
.####.....#### #####
..#..#...#..#
#....###.#.#.#.#.#.#
#........##..#.#..##
#........#####.####
#..g@....##+######
#....)####.#........
#..... #.#........
#.....
#..........###
#.....
###.#######...
#..... #..######.#.
#.....
...##..........
#.....
#........#..##
#.....#.#.....


You could see a hobgoblin.

Vanquished Creatures
  A bat (D:1)
  4 endoplasms (D:1)
  2 giant cockroaches (D:1)
  5 hobgoblins (D:1)
  A quokka (D:1)
  A goblin (D:1)
  2 kobolds (D:1)
  4 rats (D:1)
20 creatures vanquished.

Notes
Turn   | Place    | Note
-------+----------+-------------------------------------------
     0 | D:1      | qw the Gargoyle Hunter began the quest for the Orb.
     0 | D:1      | Reached XP level 1. HP: 12/12 MP: 1/1
     0 | D:1      | 0 ||| qw: Version: 0.3-a-132-g3d54051
     0 | D:1      | 0 ||| qw: Game counter: 152
     0 | D:1      | 0 ||| qw: Melee chars always use a shield: true
     0 | D:1      | 0 ||| qw: God list: Okawaru
     0 | D:1      | 0 ||| qw: Allow faded altars: false
     0 | D:1      | 0 ||| qw: Do Orc after clearing Dungeon:15 true
     0 | D:1      | 0 ||| qw: Do second Lair branch before Depths: true
     0 | D:1      | 0 ||| qw: Lair rune preference: random
     0 | D:1      | 0 ||| qw: Goals: Normal
     0 | D:1      | 0 ||| PLANNING D:1-11
    60 | D:1      | Reached XP level 2. HP: 17/17 MP: 2/2
   303 | D:1      | HP: 4/17 [kobold/+0 whip (1)]
   305 | D:1      | HP: 1/17 [hobgoblin (3)]
   307 | D:1      | Slain by a hobgoblin

Levels and vault maps discovered:
D:1:      nzn_arrival_crosshair, layout_basic

Action                     || total
---------------------------++-------
   Fire: Shortbow          ||    82
 Armour: Leather armour    ||    45
  Dodge: Dodged            ||    38

Table legend:
 A = Non-vault XP
 B = Vault XP
 C = Vault XP percentage of total XP
 D = Non-vault monster count
 E = Vault monster count
 F = Vault count percentage of total count
                 A         B        C        D         E       F
            +---------+---------+-------+---------+---------+-------
      Total |      33 |       0 |   0.0 |      20 |       0 |   0.0
            +---------+---------+-------+---------+---------+-------
        D:1 |      33 |       0 |   0.0 |      20 |       0 |   0.0
            +---------+---------+-------+---------+---------+-------
